 Dungeon Crawl Stone Soup version 0.31.0-9-g3a7656b989 (webtiles) character file.

Game seed: 14905552196430958658

62 qw the Shooter (level 3, -1/29 HPs)
             Began as a Demigod Hunter on Feb 2, 2024.
             Slain by an orc
             ... wielding a +0 falchion
              (6 damage)
             ... on level 3 of the Dungeon.
             The game lasted 00:00:05 (1480 turns).

qw the Shooter (Demigod Hunter)                     Turns: 1480, Time: 00:00:05

Health: -1/29      AC:  5    Str: 15    XL:     3   Next: 60%
Magic:  5/5        EV: 12    Int: 11    God:
Gold:   24         SH:  0    Dex: 21    Spells: 2/2 levels left

rFire   . . .        a - +0 shortbow
rCold   + . .        (shield currently unavailable)
rNeg    . . .        c - +0 leather armour
rPois   .            d - +0 helmet
rElec   .            (no cloak)
rCorr   .            (no gloves)
SInv    .            h - +0 pair of boots
Will    .....        (no amulet)
Stlth   +++          j - ring "Ymieq" {rC+ Str+3 Stlth+}
HPRegen 0.24/turn    (no ring)
MPRegen 0.09/turn

%: no passive effects
@: about to teleport
A: high MP 1, forlorn, divine attributes
a: no special abilities


You were on level 3 of the Dungeon.
You visited 1 branch of the dungeon, and saw 3 of its levels.

You collected 119 gold pieces.
You spent 95 gold pieces at shops.


Innate Abilities, Weirdness & Mutations

You have an increased reservoir of magic. (+10% MP)
You shall have no god before yourself.
Your divine heritage dramatically boosts your attributes as you level up.


   Skills:
 - Level 2.0 Fighting
 + Level 4.8 Ranged Weapons
 - Level 2.1 Dodging
 - Level 0.8 Stealth


You had 2 spell levels left.
You didn't know any spells.
Your spell library was empty.

Inventory:

Hand Weapons
 a - a +0 shortbow (weapon)
Armour
 c - a +0 leather armour (worn)
 d - a +0 helmet (worn)
 h - a +0 pair of boots (worn)
Jewellery
 j - the ring "Ymieq" (left hand) {rC+ Str+3 Stlth+}
   (You acquired it on level 1 of the Dungeon)

   [ring of protection from cold]

   Str+3:     It affects your strength (+3).
   rC+:       It protects you from cold.
   Stlth+:    It makes you more stealthy.
Potions
 e - a potion of haste
 g - a potion of mutation
 i - a potion of resistance
 k - a potion of enlightenment
 m - a potion of degeneration {unknown}

Dungeon Overview and Level Annotations

Branches:
Dungeon (3/15)

Shops:
D:1 *   D:2 *


Message History

You shoot an arrow. The arrow closely misses the adder.
The orc misses you. The adder bites you but does no damage.
The orc hits you with a +0 falchion. The adder closely misses you.
You shoot an arrow. The arrow barely misses the adder.
The adder closely misses you. The orc hits you but does no damage.
You shoot an arrow. The arrow closely misses the adder.
The adder bites you. The orc completely misses you.
The adder closely misses you.
You shoot an arrow. The arrow closely misses the adder.
The adder misses you. The orc closely misses you.
You shoot an arrow. The arrow barely misses the adder.
The adder barely misses you. The orc hits you but does no damage.
The adder bites you.
You are poisoned.
The adder poisons you! The orc misses you.
You shoot an arrow. The arrow hits the adder!
The adder is almost dead.
You feel sick. The adder barely misses you. The orc closely misses you.
The adder closely misses you.
You shoot an arrow. The arrow closely misses the adder.
You feel sick. The adder bites you. The orc hits you with a +0 falchion.
You shoot an arrow.
The arrow hits the adder but does no damage.
The adder is almost dead.
You feel sick. The adder closely misses you. The orc misses you.
The adder misses you.
You shoot an arrow. The arrow misses the adder.
You feel sick. The orc closely misses you.
The adder bites you but does no damage.
You shoot an arrow. The arrow hits the adder!
You kill the adder!
You feel sick.
You are no longer poisoned.
The orc hits you with a +0 falchion. x2
1480 ||| READING scroll of teleportation.
As you read the scroll of teleportation, it crumbles to dust.
You feel strangely unstable.
The orc curses loudly.
The orc hits you with a +0 falchion.
You die...

########
#......#
###.....$#####
......>...:.[#
#..........#
#...[......#
#....@.....#
#.....o....#
#..(.......#
#######....#
....# .(..#
####


You could see an orc.

Vanquished Creatures
  2 adders
  4 ribbon worms (D:2)
  2 ball pythons (D:1)
  2 endoplasms (D:1)
  2 giant cockroaches (D:1)
  3 hobgoblins (D:1)
  2 kobolds (D:1)
  2 quokkas (D:1)
  3 bats (D:1)
  3 frilled lizards (D:1)
  5 goblins
  3 rats (D:1)
33 creatures vanquished.

Notes
Turn   | Place    | Note
-------+----------+-------------------------------------------
     0 | D:1      | qw the Demigod Hunter began the quest for the Orb.
     0 | D:1      | Reached XP level 1. HP: 17/17 MP: 3/3
     0 | D:1      | 0 ||| qw: Version: 0.3-a-155-g5e7d8dd
     0 | D:1      | 0 ||| qw: Game counter: 215
     0 | D:1      | 0 ||| qw: Melee chars always use a shield: true
     0 | D:1      | 0 ||| qw: God list: Okawaru
     0 | D:1      | 0 ||| qw: Allow faded altars: false
     0 | D:1      | 0 ||| qw: Do Orc after clearing Dungeon:15 true
     0 | D:1      | 0 ||| qw: Do second Lair branch before Depths: true
     0 | D:1      | 0 ||| qw: Lair rune preference: random
     0 | D:1      | 0 ||| qw: Goals: Normal
     0 | D:1      | 0 ||| PLANNING D:1-11
   159 | D:1      | Found Toiffiow's Assorted Antiques.
   167 | D:1      | 167 ||| BUYING glowing white potion (18 gold).
   167 | D:1      | Bought a glowing white potion for 18 gold pieces
   167 | D:1      | 167 ||| SHOPLISTING scroll labelled BUBEL GEOBRYNU (21
                  | gold, have 4).
   167 | D:1      | 167 ||| SHOPLISTING scroll labelled SUASEDAULED (21 gold,
                  | have 4).
   167 | D:1      | 167 ||| SHOPLISTING scroll labelled WUPLUI YLYRIO (21 gold,
                  | have 4).
   167 | D:1      | 167 ||| SHOPLISTING scroll labelled ZURERE OFEYWUL (21
                  | gold, have 4).
   167 | D:1      | 167 ||| SHOPLISTING sedimented pink potion (18 gold, have
                  | 4).
   180 | D:1      | Reached skill level 4 in Ranged Weapons
   228 | D:1      | Reached XP level 2. HP: 24/24 MP: 4/4
   690 | D:1      | 690 ||| UPGRADING to +0 helmet.
   695 | D:1      | 695 ||| UPGRADING to +0 pair of boots.
   700 | D:1      | 700 ||| READING 2 scrolls labelled PAOQAR GURPHE.
   703 | D:1      | 703 ||| READING 2 scrolls labelled WUPLUI YLYRIO.
   703 | D:1      | 703 ||| IDENTIFYING murky white potion
   704 | D:1      | 704 ||| READING scroll of identify.
   704 | D:1      | 704 ||| IDENTIFYING glowing white potion
   705 | D:1      | 705 ||| READING scroll labelled AVIOT LOMUN.
   705 | D:1      | Identified a scroll of acquirement
   705 | D:1      | 705 ||| ACQUIRING ring "Ymieq" {rC+ Str+3 Stlth+}
   705 | D:1      | Acquired the ring "Ymieq" {rC+ Str+3 Stlth+}
   707 | D:1      | 707 ||| UPGRADING to ring "Ymieq" {rC+ Str+3 Stlth+}.
   708 | D:1      | 708 ||| READING scroll labelled VUCUAG CUCA.
   709 | D:1      | 709 ||| READING scroll labelled REZURY TYZU.
   710 | D:1      | 710 ||| DROPPING scroll of butterflies.
   808 | D:2      | Reached XP level 3. HP: 29/29 MP: 5/5
  1292 | D:2      | Found Lero's General Store.
  1320 | D:2      | 1320 ||| BUYING potion of enlightenment (55 gold).
  1320 | D:2      | Bought a potion of enlightenment for 55 gold pieces
  1320 | D:2      | 1320 ||| BUYING scroll of identify (22 gold).
  1320 | D:2      | Bought a scroll of identify for 22 gold pieces
  1332 | D:2      | 1332 ||| READING scroll of identify.
  1332 | D:2      | 1332 ||| IDENTIFYING fizzy clear potion
  1333 | D:2      | 1333 ||| READING 3 scrolls labelled ZURERE OFEYWUL.
  1385 | D:2      | 1385 ||| DROPPING 2 scrolls of torment.
  1436 | D:3      | 1436 ||| STAIRDANCE
  1479 | D:3      | HP: 4/29 [orc/+0 falchion (4)]
  1480 | D:3      | 1480 ||| READING scroll of teleportation.
  1480 | D:3      | Slain by an orc

Levels and vault maps discovered:
D:1:      saegor_arrival_simple_e, layout_loops_ring, serial_shops, shop
D:2:      layout_loops_ring, serial_shops, shop, basic_altar,
          ebering_ecumenical_altar_abandoned
D:3:      layout_rooms

Skill      XL: |  1  2  3 |
---------------+----------+-----
Ranged Weapons | 4 |  4.8
Fighting       | 2 |  2.0
Dodging        | 2 |  2.1
Stealth        | |  0.8

Action                     || total
---------------------------++-------
   Fire: Shortbow          ||   111
    Use: Scroll            ||     9
 Armour: Leather armour    ||    33
  Dodge: Dodged            ||    45

Table legend:
 A = Non-vault XP
 B = Vault XP
 C = Vault XP percentage of total XP
 D = Non-vault monster count
 E = Vault monster count
 F = Vault count percentage of total count
                 A         B        C        D         E       F
            +---------+---------+-------+---------+---------+-------
      Total |      89 |       0 |   0.0 |      33 |       0 |   0.0
            +---------+---------+-------+---------+---------+-------
        D:1 |      37 |       0 |   0.0 |      23 |       0 |   0.0
        D:2 |      38 |       0 |   0.0 |       9 |       0 |   0.0
        D:3 |      14 |       0 |   0.0 |       1 |       0 |   0.0
            +---------+---------+-------+---------+---------+-------
